 Dungeon Crawl Stone Soup version 0.30-a0-465-g8901f6c8b5 (webtiles) character file.

Game seed: 16463831868651393613

170 gammarae the Cudgeller (level 5, -2/42 HPs)
             Began as a Human Berserker on Dec 18, 2022.
             Was a Believer of Trog.
             Slain by a gnoll
             ... wielding a +0 club
              (3 damage)
             ... on level 3 of the Dungeon.
             The game lasted 00:22:45 (3013 turns).

gammarae the Cudgeller (Human Berserker)            Turns: 3013, Time: 00:22:47

Health: -2/42      AC: 10    Str: 19    XL:     5   Next: 80%
Magic:  5/5        EV:  8    Int:  7    God:    Trog [**....]
Gold:   163        SH:  0    Dex: 13    Spells: 4/4 levels left

rFire   . . .      SeeInvis .    a - +0 mace
rCold   . . .      Faith    .    (no shield)
rNeg    . . .      Spirit   .    g - +0 chain mail
rPois   .          Reflect  .    p - +0 helmet
rElec   .          Harm     .    (no cloak)
rCorr   .          Rampage  .    (no gloves)
Will    .....                    (no boots)
Stlth   ..........               (no amulet)
HPRegen 0.27/turn                (no ring)
MPRegen 0.09/turn                (no ring)

@: no status effects
A: no striking features
a: Renounce Religion, Berserk, Trog's Hand


You were on level 3 of the Dungeon.
You worshipped Trog.
Trog was pleased with you.
You visited 1 branch of the dungeon, and saw 4 of its levels.

You collected 163 gold pieces.

Inventory:

Hand Weapons
 a - a +0 mace (weapon)
 n - a +2 dagger of electrocution
Missiles
 c - 33 stones (quivered)
 m - 5 boomerangs
Armour
 b - a +0 animal skin
 f - the +1 ring mail of the Equinox {rElec rC+ rN+ Int-3}
   (You found it on level 2 of the Dungeon)

   Int:       It affects your intelligence (-3).
   rC:        It protects you from cold.
   rElec:     It insulates you from electricity.
   rN:        It protects you from negative energy.
 g - a +0 chain mail (worn)
 p - a +0 helmet (worn)
Scrolls
 d - a scroll of amnesia {unknown}
 h - 3 scrolls of teleportation {unknown}
 k - 2 scrolls of immolation {unknown}
 l - a scroll of identify {unknown}
Potions
 e - a potion of ambrosia {unknown}
 i - 3 potions of curing {unknown}
 j - a potion of degeneration {unknown}
 o - a potion of brilliance {unknown}
 q - a potion of mutation {unknown}


   Skills:
 + Level 4.1 Fighting
 + Level 4.6 Maces & Flails
 + Level 2.5 Armour
 + Level 2.6 Dodging
 + Level 0.2 Stealth


You had 4 spell levels left.
You didn't know any spells.
Your spell library was empty.

Dungeon Overview and Level Annotations

Branches:
Dungeon (4/15)
 Temple: D:4-7

Altars:
Sif Muna

Annotations:
D:4 Grinder


Message History

You hit the gnoll.
The gnoll is lightly wounded.
The gnoll hits you with a +0 spear.
The gnoll hits you from afar with a +0 halberd.
The gnoll closely misses you.
You hit the gnoll.
The gnoll is moderately wounded.
The gnoll hits you with a +0 spear. The gnoll hits you but does no damage.
The gnoll hits you with a +0 club.
You completely miss the gnoll.
The gnoll is moderately wounded.
The gnoll hits you but does no damage. The gnoll hits you with a +0 spear.
The gnoll hits you from afar with a +0 halberd.
You barely miss the gnoll.
The gnoll is moderately wounded.
The gnoll hits you with a +0 club.
Grinder comes into view.
The gnoll hits you but does no damage.
The gnoll hits you from afar with a +0 halberd!
You can't go down here!
The gnoll completely misses you.
The gnoll hits you from afar with a +0 halberd.
The gnoll hits you with a +0 club.
You climb upwards.
There is a stone staircase leading down here.
The gnoll barely misses you. The gnoll attacks as you move away!
The gnoll hits you but does no damage.
The gnoll hits you from afar with a +0 spear.
* * * LOW HITPOINT WARNING * * *
You closely miss the gnoll. The gnoll hits you with a +0 club.
* * * LOW HITPOINT WARNING * * *
The gnoll hits you from afar with a +0 spear!
* * * LOW HITPOINT WARNING * * *
You sock the gnoll!
The gnoll is heavily wounded.
The gnoll hits you with a +0 club.
* * * LOW HITPOINT WARNING * * *
The gnoll closely misses you. The gnoll barely misses you.
The gnoll hits you with a +0 club.
You die...

####### ......### ........#
###### ###...#.# #....# ..###...#
#....# ....##..######### #....#
........#.......# #....#
........#.>...#.######....###
........#.....gg@...........#
........#.....#.######....#.# .
....##†.#.....#.# #....#.# .
..###..###....#.###########.# #
###...........#......#......#####
†.....#######.######<#...........
#.#.#.# #.# #.####........
..#.#.# #.# #......#......
#.#.#.# #.# ########.####.


You could see 2 gnolls.

Vanquished Creatures
  2 orc wizards (D:3)
  4 adders (D:2)
  2 worms
  3 dart slugs (D:2)
  3 orcs (D:3)
  5 bats (D:2)
  5 endoplasms
  2 giant cockroaches
  7 goblins
  9 hobgoblins
  5 kobolds
  5 quokkas
  6 ball pythons
  3 frilled lizards
  4 rats (D:2)
65 creatures vanquished.

Notes
Turn   | Place    | Note
-------+----------+-------------------------------------------
     0 | D:1      | gammarae the Human Berserker began the quest for the Orb.
     0 | D:1      | Reached XP level 1. HP: 18/18 MP: 1/1
   347 | D:1      | Reached XP level 2. HP: 24/24 MP: 2/2
   813 | D:2      | Reached XP level 3. HP: 29/29 MP: 3/3
  1033 | D:2      | Found a shimmering blue altar of Sif Muna.
  1038 | D:2      | Identified the +1 ring mail of the Equinox {rElec rC+ rN+
                  | Int-3}
  1081 | D:2      | Found a faded altar of an unknown god.
  1263 | D:2      | Reached XP level 4. HP: 35/35 MP: 4/4
  1582 | D:2      | Reached ** piety under Trog
  2200 | D:2      | Reached XP level 5. HP: 42/42 MP: 5/5
  3003 | D:4      | Noticed Grinder
  3013 | D:3      | HP: 1/42 [gnoll/+0 club (2)]
  3013 | D:3      | Slain by a gnoll

Illustrated notes

Levels and vault maps discovered:
D:1:      onia_arrival_pyramid, layout_basic, st_stairs_10, minivault_27
D:2:      minmay_thinvault, layout_basic, basic_altar,
          ebering_ecumenical_altar_box, minmay_vboxes
D:3:      layout_basic, minmay_misc_feat_iff, hangedman_decor_peaks_small
D:4:      minmay_bubble_buster, layout_loops_corners,
          mainiacjoe_overflow_cross_hatched, uniq_grinder, uniq_pikel,
          uniq_natasha

Skill      XL: |  1  2  3  4  5 |
---------------+----------------+-----
Maces & Flails | 4 |  4.6
Fighting       | 4 |  4.1
Armour         | |  2.5
Dodging        | |  2.6
Stealth        | |  0.2

Action                   |  1- 3 |  4- 6 || total
-------------------------+-------+-------++-------
Melee: Mace              |    75 |   165 ||   240
       Punch             |       |     3 ||     3
Armor: Animal skin       |    13 |       ||    13
       Ring mail         |     4 |       ||     4
       Chain mail        |       |   104 ||   104
Dodge: Dodged            |    45 |    70 ||   115

Table legend: (Time is in decaauts)
 A = Elapsed time spent in this place.
 B = Non-inter-level travel time spent in this place.
 C = Inter-level travel time spent in this place.
 D = Time resting spent in this place.
 E = Time spent auto-exploring this place.
 F = Levels seen in this place.
 G = Mean time per level.
                   A        B        C        D        E       F      G
               +--------+--------+--------+--------+--------+-----+--------+
         Total |   3059 |   3055 |      4 |   1223 |     19 |   4 |  764.8 |
       Dungeon |   3059 |   3055 |      4 |   1223 |     19 |   4 |  764.8 |
               +--------+--------+--------+--------+--------+-----+--------+

Top non-repeatable levels by time:
     D:2: 1839 daAuts
     D:1: 736 daAuts
     D:3: 476 daAuts
     D:4: 7 daAuts
